 Dungeon Crawl Stone Soup version 0.31-a0-435-g2c6fae2916 (webtiles) character file.

Game seed: 12144172971953418435

106 Hubris850 the Changeling (level 5, -1/39 HPs)
             Began as a Formicid Shapeshifter on Aug 1, 2023.
             Slain by a quokka (3 damage)
             ... on level 3 of the Dungeon.
             The game lasted 00:04:46 (1729 turns).

Hubris850 the Changeling (Formicid Shapeshifter)    Turns: 1729, Time: 00:04:47

Health: -1/39      AC:  3    Str: 22    XL:     5   Next: 10%
Magic:  5/5        EV: 12    Int:  7    God:
Gold:   134        SH:  0    Dex: 14    Spells: 4/4 levels left

rFire   . .          .
                       - Unarmed
rCold   . . .        (no shield)
rNeg    . . .        v - +0 leather armour
rPois   .            (helmet unavailable)
rElec   .            (cloak currently unavailable)
rCorr   .            (gloves currently unavailable)
SInv    +            (boots currently unavailable)
Will    .....        (no amulet)
Stlth   +            (no ring)
HPRegen 0.26/turn    (no ring)
MPRegen 0.09/turn

%: no passive effects
@: beast-form
A: beast (slay +2), permanent stasis, dig shafts and tunnels, antennae 3, four
strong arms
a: Dig, Shaft Self, Begin Untransformation


You were on level 3 of the Dungeon.
You were a hulking beast.
You visited 1 branch of the dungeon, and saw 3 of its levels.

You collected 134 gold pieces.

Inventory:

Armour
 a - a +0 animal skin
 v - a +0 leather armour (worn)
Talismans
 c - a beast talisman (active)
Wands
 m - a wand of mindburst (7)
Scrolls
 d - a scroll of enchant weapon {unknown}
 g - a scroll of fog {unknown}
 h - 3 scrolls of identify {unknown}
 i - a scroll of revelation {unknown}
 j - a scroll of noise {unknown}
 l - a scroll of silence {unknown}
 n - a scroll of poison {unknown}
 o - 3 scrolls of brand weapon {unknown}
 r - a scroll of immolation {unknown}
 s - a scroll of blinking {unknown}
 u - a scroll of teleportation {unknown}
Potions
 b - a potion of lignification
 e - a potion of ambrosia {unknown}
 f - a potion of curing {unknown}
 k - a potion of resistance {unknown}
 p - a potion of berserk rage {unknown}
 q - a potion of attraction {unknown}
 t - a potion of might {unknown}


   Skills:
 + Level 2.5 Fighting
 + Level 2.1 Armour
 - Level 1.7 Dodging
 + Level 3.7 Unarmed Combat
 + Level 3.8 Shapeshifting


You had 4 spell levels left.
You didn't know any spells.
Your spell library was empty.

Dungeon Overview and Level Annotations

Branches:
Dungeon (3/15)

Altars:
Gozag
Trog
Vehumet
Zin

Annotations:
D:3 Grinder


Innate Abilities, Weirdness & Mutations

You are a hulking beast.
Your limbs bulge with bestial killing power. (Slay +2)
You cannot be hasted, slowed, berserked, paralysed or teleported.
You can dig through walls and to a lower floor.
You have a pair of large antennae on your head. (SInv)
Your four strong arms can wield two-handed weapons with a shield.


Message History

Jessica gestures at you while chanting. You resist with some effort.
You punch Jessica!
You kill Jessica!
Your Armour skill increases to level 2!
You have reached level 5!
A quokka comes into view.
Things that are here:
a +0 dagger; a +0 robe; the human corpse of Jessica You hit Grinder.
Grinder is lightly wounded.
Grinder gestures at you. Pain shoots through your body!
You hit Grinder.
Grinder is lightly wounded.
Grinder blinks!
Grinder gestures at you.
You struggle to resist.
Grinder barely misses you.
You barely miss Grinder.
Grinder is lightly wounded.
Grinder closely misses you. The quokka misses you.
You closely miss Grinder.
Grinder is lightly wounded.
Grinder barely misses you. The quokka bites you.
You hit Grinder.
Grinder is moderately wounded.
The quokka bites you but does no damage.
Grinder gestures at you.
You struggle to resist.
You hit Grinder.
Grinder is moderately wounded.
The quokka barely misses you. Grinder hits you!
* * * LOW HITPOINT WARNING * * *
You writhe in agony.
* * * LOW HITPOINT WARNING * * *
You punch Grinder!
Grinder is heavily wounded.
The quokka bites you.
You die...

#....# #.# # #....# ..#
##.#.# #....#... ...... .#
#....#.########## .##
#...$............ ...#
#<...#.# ######
#..#####..).#.# ......
#..#..r......# .._...
#.#..h......# ._8..#
##...5.......# .._...
#............## .....#
#.##............+......
#####.##)))...$..####....#.
###.....##.........# .. #.
#...###..#.........# # #.
#..~..~~.#.........# ##
...~####..#####.....#


You could see Grinder and a quokka.

Vanquished Creatures
  Jessica (D:3)
  An adder (D:3)
  A worm (D:3)
  A dart slug (D:2)
  4 orcs (D:3)
  6 endoplasms
  3 giant cockroaches
  5 goblins
  6 hobgoblins
  5 kobolds
  2 quokkas (D:1)
  9 ball pythons
  7 bats
  3 frilled lizards (D:2)
  5 rats
  A spectral goblin (D:3)
60 creatures vanquished.

Notes
Turn   | Place    | Note
-------+----------+-------------------------------------------
     0 | D:1      | Hubris850 the Formicid Shapeshifter began the quest for the
                  | Orb.
     0 | D:1      | Reached XP level 1. HP: 15/15 MP: 1/1
    90 | D:1      | Reached XP level 2. HP: 21/21 MP: 2/2
   251 | D:1      | Reached skill level 1 in Armour
   300 | D:1      | Reached XP level 3. HP: 20/27 MP: 3/3
  1056 | D:2      | Reached XP level 4. HP: 33/33 MP: 4/4
  1378 | D:3      | Found a bloodstained altar of Trog.
  1379 | D:3      | Found a glowing silver altar of Zin.
  1382 | D:3      | Found a radiant altar of Vehumet.
  1429 | D:3      | Found an opulent altar of Gozag.
  1662 | D:3      | Found a faded altar of an unknown god.
  1678 | D:3      | Noticed Jessica
  1715 | D:3      | Noticed Grinder
  1717 | D:3      | Killed Jessica
  1718 | D:3      | Reached XP level 5. HP: 22/39 MP: 5/5
  1729 | D:3      | Slain by a quokka

Illustrated notes

Levels and vault maps discovered:
D:1:      dpeg_arrival_arbitrary_c, layout_basic
D:2:      layout_rooms, st_stairs_5, minmay_misc_feat_five, minmay_tetromino_t2
D:3:      layout_basic, grunt_gozag_statues,
          chequers_temple_overflow_statue_of_worship,
          dreamdust_ecumenical_altar_drowned_temple, st_stairs_11,
          chequers_serial_rivers_micro_c, uniq_jessica, uniq_sigmund,
          uniq_terence, uniq_grinder

Skill      XL: |  1  2  3  4 |
---------------+-------------+-----
Armour         | 1 2 |  2.1
Fighting       | 2 |  2.5
Dodging        | |  1.7
Unarmed Combat | |  3.7
Shapeshifting  | |  3.8

Action                     |  1- 3 |  4- 6 || total
---------------------------+-------+-------++-------
  Melee: Unarmed           |   106 |    55 ||   161
         Punch             |     5 |     2 ||     7
   Stab: Sleeping          |     2 |       ||     2
 Armour: Animal skin       |    23 |     4 ||    27
         Leather armour    |       |     2 ||     2
  Dodge: Dodged            |    66 |    25 ||    91

Table legend: (Time is in decaauts)
 A = Elapsed time spent in this place.
 B = Non-inter-level travel time spent in this place.
 C = Inter-level travel time spent in this place.
 D = Time resting spent in this place.
 E = Time spent auto-exploring this place.
 F = Levels seen in this place.
 G = Mean time per level.
                   A        B        C        D        E       F      G
               +--------+--------+--------+--------+--------+-----+--------+
         Total |   1720 |   1654 |     66 |     18 |   1247 |   3 |  573.3 |
       Dungeon |   1720 |   1654 |     66 |     18 |   1247 |   3 |  573.3 |
               +--------+--------+--------+--------+--------+-----+--------+

Top non-repeatable levels by time:
     D:1: 831 daAuts
     D:2: 530 daAuts
     D:3: 358 daAuts
